 Dungeon Crawl Stone Soup version 0.30-a0-652-gcc886f7154 (webtiles) character file.

Game seed: 12275469204794280495

44240 Newt the Cruncher (level 14, -7/82 HPs)
             Began as a Kobold Hunter on Jan 17, 2023.
             Was a High Priest of Hepliaklqana.
             Mangled by a death yak (16 damage)
             ... on level 5 of the Lair of Beasts.
             The game lasted 00:19:12 (17920 turns).

Newt the Cruncher (Kobold Hunter)                  Turns: 17920, Time: 00:19:13

Health: -7/82      AC: 11    Str: 13    XL:     14   Next: 64%
Magic:  0/20       EV: 24    Int: 10    God:    Hepliaklqana [*****.]
Gold:   1068       SH:  0    Dex: 25    Spells: 21/21 levels left

rFire   + . .      SeeInvis .    F - +10 quarterstaff of Yfieph {freeze, rF+ rN+ Int+4 Stlth-}
rCold   + . .      Faith    .    (shield currently unavailable)
rNeg    + . .      Spirit   +    I - +0 steam dragon scales
rPois   .          Reflect  .    (no helmet)
rElec   .          Harm     .    (no cloak)
rCorr   .          Rampage  .    (no gloves)
Will    +....      Clarity  +    y - +0 pair of boots
Stlth   ++++                     e - amulet of guardian spirit
HPRegen 0.33/turn                O - ring "Cuteom" {rC+ Int-4 Dex+4 Slay+4}
MPRegen 0.17/turn                K - +4 ring of protection

@: no status effects
A: reduced essence, small, no large weapons, nightstalker 3, clarity, screaming
1, strong 1
a: Renounce Religion, Recall Ancestor, Ancestor Identity, Transference, Idealise


You were on level 5 of the Lair of Beasts.
You worshipped Hepliaklqana.
Hepliaklqana was extremely pleased with you.
You visited 3 branches of the dungeon, and saw 14 of its levels.

You collected 1068 gold pieces.

Inventory:

Hand Weapons
 a - a +1 shortbow
 i - the +4 dagger of the Boar {flame, rN+}
   (You found it on level 3 of the Dungeon)

   rN:        It protects you from negative energy.
 F - the +10 quarterstaff of Yfieph (weapon) {freeze, rF+ rN+ Int+4 Stlth-}
   (You found it on level 5 of the Dungeon)

   Int:       It affects your intelligence (+4).
   rF:        It protects you from fire.
   rN:        It protects you from negative energy.
   Stlth:     It makes you less stealthy.
Missiles
 U - a throwing net (quivered)
Armour
 c - a +0 leather armour
 g - a +1 helmet
 y - a +0 pair of boots (worn)
 I - +0 steam dragon scales (worn)
 M - a +0 leather armour of fire resistance
Jewellery
 e - an amulet of guardian spirit (around neck)
 l - an amulet of reflection
 n - a ring of see invisible
 r - a ring of magical power
 x - a ring of protection from cold
 z - an amulet of magic regeneration
 E - an amulet of faith
 K - a +4 ring of protection (right hand)
 O - the ring "Cuteom" (left hand) {rC+ Int-4 Dex+4 Slay+4}
   (You acquired it on level 4 of the Lair of Beasts)

   [ring of slaying]

   Int:       It affects your intelligence (-4).
   Dex:       It affects your dexterity (+4).
   Slay:      It affects your accuracy & damage with ranged weapons and melee
   (+4).
   rC:        It protects you from cold.
 T - the ring "Ixuqetas" {Will+ rCorr Str-4 SInv}
   (You found it on level 5 of the Lair of Beasts)

   [ring of see invisible]

   Str:       It affects your strength (-4).
   SInv:      It lets you see invisible.
   rCorr:     It protects you from acid and corrosion.
   Will:      It increases your willpower.
Wands
 o - a wand of paralysis (5)
 p - a wand of roots (15)
 L - a wand of flame (22)
 Q - a wand of mindburst (9)
 R - a wand of digging (4)
Scrolls
 b - 2 scrolls of immolation
 v - 2 scrolls of amnesia
 A - a scroll of fog
 B - 3 scrolls of noise
 C - 4 scrolls of vulnerability
 D - 5 scrolls of teleportation
 J - 2 scrolls of blinking
 S - a scroll of fear
Potions
 d - 2 potions of flight
 f - 2 potions of degeneration
 h - a potion of heal wounds
 j - 6 potions of lignification
 k - a potion of berserk rage
 m - a potion of magic
 q - 4 potions of brilliance
 s - 3 potions of attraction
 t - 3 potions of curing
 u - a potion of invisibility
 w - 4 potions of mutation
 G - a potion of might
 H - a potion of ambrosia
 N - a potion of haste
Miscellaneous
 P - a phial of floods


   Skills:
 - Level 12.0 Fighting
 - Level 5.0 Short Blades
 - Level 14.0 Staves
 - Level 5.3 Ranged Weapons
 + Level 5.4 Armour
 - Level 10.0 Dodging
 - Level 7.0 Stealth
 - Level 4.0 Spellcasting
 - Level 8.0 Invocations
 - Level 8.0 Evocations


You had 21 spell levels left.
You didn't know any spells.
Your spell library contained the following spells:

 Spells                   Type           Power      Damage    Failure   Level
 Summon Small Mammal      Summ           8%         N/A       26%         1
 Call Canine Familiar     Summ           2%         N/A       58%         3
 Gell's Gravitas          Tloc           2%         N/A       58%         3
 Inner Flame              Hex/Fire       2%         N/A       58%         3
 Summon Guardian Golem    Hex/Summ       2%         N/A       58%         3
 Teleport Other           Tloc           2%         N/A       58%         3
 Cause Fear               Hex            1%         N/A       94%         4
 Flame Wave               Conj/Fire      2%         2d4       94%         4
 Sticky Flame             Conj/Fire      2%         2d3       94%         4
 Dispersal                Tloc           1%         N/A       100%        6
 Discord                  Hex            1%         N/A       100%        8


Dungeon Overview and Level Annotations

Branches:
Dungeon (8/15)             Temple (1/1) D:6            Lair (5/5) D:8
 Shoals (0/4) Lair:2       Spider (0/4) Lair:2        Slime (0/5) Lair:4

Altars:
Ashenzari
Cheibriados
Dithmenos
Elyvilon
Fedhas
Gozag
Hepliaklqana
Kikubaaqudgha
Makhleb
Nemelex Xobeh
Okawaru
Qazlal
Ru
Sif Muna
Trog
Uskayaw
Wu Jian
Xom
Yredelemnul
Zin
The Shining One
Jiyva


Innate Abilities, Weirdness & Mutations

Your life essence is reduced to manifest your ancestor. (-10% HP)
You are small and have problems with some larger weapons.
You are completely attuned to the shadows.
You possess an exceptional clarity of mind.
You occasionally shout uncontrollably at your foes.
Your muscles are strong. (Str +4, Int/Dex -1)


Message History

The death yak closely misses you.
The death yak gores you but does no damage.
You thump the death yak! You freeze the death yak.
The death yak is moderately wounded.
You hit the death yak but do no damage.
The death yak is moderately wounded.
The death yak gores you but does no damage.
The death yak gores you!
You hit the death yak but do no damage.
The death yak is moderately wounded.
You barely miss the death yak.
The death yak is moderately wounded.
The death yak completely misses you. The death yak misses you.
You hit the death yak. You freeze the death yak.
The death yak is moderately wounded.
The death yak gores you!
* * * LOW HITPOINT WARNING * * *
The death yak closely misses you.
You bludgeon the death yak!! You freeze the death yak.
The death yak is severely wounded.
You bludgeon the death yak!! You freeze the death yak.
The death yak is almost dead.
The death yak gores you!
* * * LOW HITPOINT WARNING * * *
The death yak misses you.
You hit the death yak. You freeze the death yak.
You kill the death yak!
Aiming: Paralyse
Press: ? - help, Shift-Dir - straight line, f - death yak
Aim: a death yak (chance to affect: 8%)
Okay, then.
Unknown command.
You sock the death yak! You freeze the death yak.
The death yak is lightly wounded.
The death yak gores you!
* * * LOW HITPOINT WARNING * * *
You sock the death yak! You freeze the death yak.
The death yak is moderately wounded.
The death yak gores you!!
You die...

#.. ##...
#....
#..Y##
##..†@#
#...†##
#....##
......##
.......##
.....Y..#
........P
.........
.........


You could see a death yak.

Vanquished Creatures
  A two-headed ogre (D:8)
  8 death yaks
  A fire crab (Lair:5)
  A guardian serpent (Lair:5)
  7 black mambas
  10 elephants
  8 cane toads
  A rime drake (Lair:4)
  6 komodo dragons
  The ghost of blahman3 the Covered, an amateur MiFi (D:4)
  10 polar bears
  A hornet (Lair:5)
  Grinder (D:4)
  9 dream sheep
  18 blink frogs
  3 culicivoras (Lair:2)
  5 wyverns
  Eustachio (D:6)
  29 yaks
  A steam dragon (D:6)
  A basilisk (Lair:4)
  2 redbacks
  5 wargs (Lair:5)
  11 water moccasins
  13 hell hounds (Lair:5)
  An orc warrior (D:7)
  13 black bears
  2 ice beasts
  A sky beast (D:8)
  12 wolves
  7 ogres
  A kobold brigand (D:6)
  A necrophage (D:6)
  9 bullfrogs
  A gnoll sergeant (D:8)
  4 scorpions
  An electric eel (Lair:2)
  4 howler monkeys
  2 jellies
  6 gnoll boudas
  3 hounds
  Jessica (D:3)
  4 iguanas
  8 orc wizards
  Robin (D:4)
  23 gnolls
  10 adders
  3 shadow imps (D:5)
  2 white imps (D:8)
  3 ufetubi
  A dart slug (D:1)
  3 worms (D:3)
  16 orcs
  8 bats
  12 endoplasms
  23 goblins
  7 hobgoblins
  5 jackals
  11 kobolds
  2 quokkas
  4 ball pythons
  2 frilled lizards
  4 rats
375 creatures vanquished.

Vanquished Creatures (collateral kills)
  A boulder beetle (Lair:4)
  5 elephants
  A black mamba (Lair:1)
  A cane toad (Lair:3)
  A torpor snail (Lair:2)
  A komodo dragon (Lair:1)
  A hornet (D:8)
  A polar bear (Lair:4)
  4 blink frogs
  A dream sheep (Lair:3)
  A wyvern (D:8)
  5 yaks
  A basilisk (Lair:4)
  A warg (Lair:5)
  2 hell hounds (Lair:5)
  An orc warrior (D:7)
  A black bear (Lair:5)
  5 wolves
  A bullfrog (Lair:2)
  2 gnolls (D:8)
  An orc (D:7)
38 creatures vanquished.

Vanquished Creatures (others)
  12 hexers
  2 bushes (D:5)
  A butterfly (D:7)
  42 fungi
  92 plants
149 creatures vanquished.

Grand Total: 562 creatures vanquished

Notes
Turn   | Place    | Note
-------+----------+-------------------------------------------
     0 | D:1      | Newt the Kobold Hunter began the quest for the Orb.
     0 | D:1      | Reached XP level 1. HP: 12/12 MP: 1/1
    69 | D:1      | Reached XP level 2. HP: 11/17 MP: 2/2
   535 | D:1      | Found a faded altar of an unknown god.
   726 | D:1      | Reached XP level 3. HP: 22/22 MP: 3/3
  1500 | D:2      | Reached XP level 4. HP: 29/29 MP: 4/4
  2087 | D:3      | Identified the +4 dagger of the Boar {flame, rN+}
  2111 | D:3      | Reached skill level 1 in Spellcasting
  2343 | D:3      | Noticed Jessica
  2347 | D:3      | Killed Jessica
  2348 | D:3      | Reached XP level 5. HP: 33/33 MP: 5/8
  3250 | D:4      | Noticed Robin
  3419 | D:4      | Killed Robin
  3464 | D:4      | Noticed an ogre
  3472 | D:4      | Found a transporter.
  3472 | D:4      | Noticed an ogre
  3473 | D:4      | Noticed blahman3's ghost (amateur MiFi)
  3477 | D:4      | Identified the +4 great mace of the Spider {speed, Will+}
  3477 | D:4      | Noticed an ogre
  3608 | D:4      | Reached XP level 6. HP: 32/38 MP: 7/12
  3671 | D:4      | Noticed a black bear
  3675 | D:4      | Killed a black bear
  3719 | D:4      | Noticed Grinder
  3748 | D:4      | Killed Grinder
  3749 | D:4      | Reached skill level 5 in Short Blades
  3749 | D:4      | Reached skill level 5 in Stealth
  3749 | D:4      | Reached XP level 7. HP: 17/43 MP: 6/13
  4741 | D:4      | Found a transporter.
  4751 | D:4      | Reached XP level 8. HP: 36/48 MP: 9/14
  4755 | D:4      | Reached skill level 5 in Fighting
  4765 | D:4      | Killed blahman3's ghost
  5029 | D:5      | Entered Level 5 of the Dungeon
  5608 | D:5      | Reached XP level 9. HP: 54/59 MP: 15/15
  5797 | D:5      | Identified the +10 quarterstaff of Yfieph {freeze, rF+ rN+
                  | Int+4 Stlth-}
  5821 | D:5      | Reached skill level 5 in Dodging
  6538 | D:6      | Found a snail-covered altar of Cheibriados.
  6541 | D:6      | Reached skill level 1 in Armour
  6550 | D:6      | Reached skill level 1 in Staves
  6682 | D:6      | Found a staircase to the Ecumenical Temple.
  6687 | Temple   | Entered the Ecumenical Temple
  6726 | Temple   | Became a worshipper of Hepliaklqana the Forgotten
  6812 | D:6      | Found a burning altar of Makhleb.
  6837 | D:6      | Reached skill level 2 in Staves
  6839 | D:6      | Reached skill level 3 in Staves
  6844 | D:6      | Reached skill level 4 in Staves
  7033 | D:6      | Reached skill level 5 in Staves
  7256 | D:6      | Found a hide-covered altar of Uskayaw.
  7329 | D:6      | Found an ancient bone altar of Kikubaaqudgha.
  7362 | D:6      | Reached XP level 10. HP: 63/64 MP: 16/16
  7369 | D:6      | Noticed Eustachio
  7375 | D:6      | Killed Eustachio
  7383 | D:6      | Reached skill level 6 in Staves
  7419 | D:6      | Found an iron altar of Okawaru.
  7702 | D:7      | Reached skill level 7 in Staves
  7711 | D:7      | Reached skill level 1 in Evocations
  7909 | D:7      | Found a white marble altar of Elyvilon.
  7960 | D:7      | Reached skill level 5 in Evocations
  8045 | D:7      | Reached * piety under Hepliaklqana
  8393 | D:7      | Found an opulent altar of Gozag.
  8393 | D:7      | Found a shimmering blue altar of Sif Muna.
  8568 | D:8      | Found a shadowy altar of Dithmenos.
  8576 | D:8      | Noticed a two-headed ogre
  8585 | D:8      | Killed a two-headed ogre
  8882 | D:8      | Paralysed by a hornet for 1 turns
  8887 | D:8      | Reached skill level 5 in Armour
  8887 | D:8      | Reached skill level 1 in Invocations
  8887 | D:8      | Reached XP level 11. HP: 25/61 MP: 14/17
  9201 | D:8      | Found a stormy altar of Qazlal.
  9275 | D:8      | Gained mutation: You have hidden genetic defects. [potion
                  | of mutation]
  9275 | D:8      | Gained mutation: You have a pair of small antennae on your
                  | head. [potion of mutation]
  9275 | D:8      | Gained mutation: You are weak. (Str -2) [potion of
                  | mutation]
  9276 | D:8      | Lost mutation: You are weak. (Str -2) [potion of mutation]
  9276 | D:8      | Lost mutation: You have hidden genetic defects. [potion of
                  | mutation]
  9276 | D:8      | Lost mutation: You have a pair of small antennae on your
                  | head. [potion of mutation]
  9276 | D:8      | Gained mutation: You occasionally shout uncontrollably at
                  | your foes. [potion of mutation]
  9276 | D:8      | Gained mutation: Your muscles are strong. (Str +4, Int/Dex
                  | -1) [potion of mutation]
  9276 | D:8      | Gained mutation: You possess an exceptional clarity of
                  | mind. [potion of mutation]
  9418 | D:8      | Reached ** piety under Hepliaklqana
  9464 | D:8      | Found a staircase to the Lair.
  9473 | D:8      | Remembered your ancestor Lufti as a hexer
  9485 | Lair:1   | Entered Level 1 of the Lair of Beasts
  9619 | Lair:1   | Reached skill level 5 in Invocations
  9810 | Lair:1   | Reached skill level 8 in Staves
 10652 | Lair:1   | Reached skill level 9 in Staves
 11090 | Lair:2   | Reached *** piety under Hepliaklqana
 11163 | Lair:2   | Reached skill level 10 in Staves
 11185 | Lair:2   | Reached XP level 12. HP: 32/65 MP: 3/18
 11356 | Lair:2   | Found a staircase to the Shoals.
 11732 | Lair:2   | Found a hole to the Spider Nest.
 12059 | Lair:2   | Reached skill level 11 in Staves
 12618 | Lair:2   | HP: 3/65 [torpor snail (9)]
 12972 | Lair:3   | Reached skill level 12 in Staves
 13425 | Lair:3   | HP: 3/65 [poisoned by a cane toad]
 13955 | Lair:3   | Reached skill level 10 in Dodging
 14020 | Lair:3   | Reached XP level 13. HP: 56/70 MP: 19/19
 14525 | Lair:3   | Reached **** piety under Hepliaklqana
 14588 | Lair:3   | HP: 2/72 [death yak (16)]
 14696 | Lair:3   | Reached skill level 10 in Fighting
 15130 | Lair:4   | Found a staircase to the Slime Pits.
 15140 | Lair:4   | Identified a scroll of acquirement
 15141 | Lair:4   | Acquired the ring "Cuteom" {rC+ Int-4 Dex+4 Slay+4}
 15148 | Lair:4   | Found a viscous altar of Jiyva.
 16356 | Lair:5   | Entered Level 5 of the Lair of Beasts
 16457 | Lair:5   | Identified the +8 hand axe of Fyeruff {pain, rPois Will++
                  | Int-2 Stlth+}
 16709 | Lair:5   | Reached XP level 14. HP: 82/82 MP: 20/20
 16864 | Lair:5   | Reached skill level 13 in Staves
 17114 | Lair:5   | Identified the ring "Ixuqetas" {Will+ rCorr Str-4 SInv}
 17121 | Lair:5   | Reached ***** piety under Hepliaklqana
 17221 | Lair:5   | Reached skill level 14 in Staves
 17920 | Lair:5   | Mangled by a death yak

Illustrated notes

Levels and vault maps discovered:
D:1:      wander_arrival_peaceful_grave, layout_basic, basic_ecumenical_altar,
          kennysheep_doodads
D:2:      layout_loops_cross
D:3:      layout_basic, minmay_misc_feat_chi, kennysheep_generic_room_11,
          uniq_jessica
D:4:      layout_gridville, gammafunk_ghost_smash,
          corexii_mini_fake_secret_closet, uniq_robin, uniq_grinder
D:5:      minmay_opposing_rooms, layout_rooms, minmay_hedge_maze, minivault_24
D:6:      layout_gridville, cheibriados_altar_1,
          mainiacjoe_overflow_tiny_flanked, mainiacjoe_overflow_alcove_1,
          mainiacjoe_overflow_divided_tiny, temple_doors_e, minivault_27,
          minmay_ogre_servants, uniq_eustachio
D:7:      layout_rooms, nicolae_elyvilon_peaceful_grove,
          gammafunk_temple_overflow_pools, minmay_misc_feat_four_crosses
D:8:      layout_loops_ring, mainiacjoe_overflow_alcove_2,
          nicolae_dithmenos_the_darkroom, david_lair_shrubbed
Temple:   minmay_freezing_vapour_temple
Lair:1:   wander_river, layout_regular_city, grunt_megastairs_5,
          lemuel_fruit_fields
Lair:2:   layout_chaotic_city, shoals_dummy_entry, spider_nest_entry_funnel_web,
          serial_bayou_pond_b
Lair:3:   layout_chaotic_city, chequers_serial_rivers_small_a,
          dreamdust_mushroom_princess, grunt_megastairs_4
Lair:4:   layout_cave_pods, slime_entry_1, grunt_megastairs_2
Lair:5:   hangedman_lair_caniforms_friends, layout_cave_pods,
          hangedman_lair_tendril_chambers, basic_altar

Skill      XL: |  1  2  3  4  5  6  7  8  9 10 11 12 13 14 |
---------------+-------------------------------------------+-----
Stealth        | 2 3 5 7 |  7.0
Fighting       | 3 4 8 12 | 12.0
Spellcasting   | 2 4 |  4.0
Short Blades   | 2 5 |  5.0
Dodging        | 6 10 | 10.0
Armour         | 1 5 |  5.4
Staves         | 5 7 10 12 14 | 14.0
Evocations     | 5 8 |  8.0
Invocations    | 1 5 8 |  8.0
Ranged Weapons | |  5.3

Action                   |  1- 3 |  4- 6 |  7- 9 | 10-12 | 13-15 || total
-------------------------+-------+-------+-------+-------+-------++-------
Melee: Dagger            |       |   111 |   151 |       |       ||   262
       Quarterstaff      |       |       |    72 |   433 |   438 ||   943
 Fire: Shortbow          |    71 |    22 |       |       |       ||    93
Invok: Ancestor Life: He |       |       |       |     1 |       ||     1
       Recall Ancestor   |       |       |       |       |     1 ||     1
Evoke: Wand              |       |     6 |       |     2 |       ||     8
  Use: Scroll            |     2 |     5 |     3 |     9 |     4 ||    23
       Potion            |     1 |     2 |     2 |     7 |     4 ||    16
 Stab: Sleeping          |       |    10 |     8 |     9 |     6 ||    33
       Invisible         |       |     2 |       |       |       ||     2
       Paralysed         |       |     1 |       |       |       ||     1
       Distracted        |       |       |     3 |     6 |     4 ||    13
       Confused          |       |       |       |    10 |    11 ||    21
Armor: Leather armour    |     7 |    22 |    33 |     4 |       ||    66
       Skin              |       |       |     3 |       |       ||     3
       Steam dragon scal |       |       |       |    45 |    80 ||   125
Dodge: Dodged            |    41 |    79 |   184 |   364 |   389 ||  1057

Table legend: (Time is in decaauts)
 A = Elapsed time spent in this place.
 B = Non-inter-level travel time spent in this place.
 C = Inter-level travel time spent in this place.
 D = Time resting spent in this place.
 E = Time spent auto-exploring this place.
 F = Levels seen in this place.
 G = Mean time per level.
                   A        B        C        D        E       F      G
               +--------+--------+--------+--------+--------+-----+--------+
         Total |  17728 |  17282 |    446 |   4459 |  10435 |  14 | 1266.3 |
       Dungeon |   9437 |   9096 |    341 |   1911 |   5906 |   8 | 1179.6 |
        Temple |     44 |     33 |     11 |      0 |     32 |   1 |   44.0 |
          Lair |   8246 |   8153 |     93 |   2548 |   4497 |   5 | 1649.2 |
               +--------+--------+--------+--------+--------+-----+--------+

Top non-repeatable levels by time:
  Lair:2: 2680 daAuts
     D:4: 2206 daAuts
  Lair:3: 1623 daAuts
  Lair:5: 1455 daAuts
     D:1: 1324 daAuts
  Lair:1: 1264 daAuts
  Lair:4: 1223 daAuts
     D:3: 1171 daAuts
     D:5: 1105 daAuts
     D:6: 1093 daAuts
     D:8: 947 daAuts
     D:7: 866 daAuts
     D:2: 721 daAuts
  Temple: 44 daAuts
